 Dungeon Sprint DCSS version 0.27-a0-93-g19769c27d7 (webtiles) character file.

Game seed: 4442829509360782924

136 rocky1 the Changer (level 5, -2/33 HPs)
             Began as an Octopode Transmuter on Jan 16, 2021.
             Was a Believer of Sif Muna.
             Slain by Grinder (4 damage)
             ... in the Dungeon (Sprint VII: "The Pits").
             The game lasted 00:02:59 (463 turns).

rocky1 the Changer (Octopode Transmuter)             Turns: 463, Time: 00:03:00

Health: -2/33      AC:  1    Str: 10    XL:     5   Next: 19%
Magic:  11/11      EV: 15    Int: 16    God:    Sif Muna [**....]
Gold:   0          SH:  0    Dex: 12    Spells: 2/12 levels left

rFire    . . .     SeeInvis .     - Unarmed
rCold    . . .     Faith    .   (no shield)
rNeg     . . .     Spirit   .   (helmet currently unavailable)
rPois    .         Reflect  .   (no amulet)
rElec    .         Harm     .   (no ring)
rCorr    .         Rampage  .   (no ring)
Will     .....     NoTele   +   (no ring)
Stlth    +++.......             (no ring)
HPRegen  0.11/turn              (no ring)
MPRegen  0.12/turn              (no ring)
                                (no ring)
                                (no ring)

@: appendages
A: almost no armour, stealthy swim, amphibious, 8 rings, constrict 8, tentacle
spike 3, camouflage 1, gelatinous body 1
a: End Transformation, Renounce Religion, Channel Magic


You were in the Dungeon.
You worshipped Sif Muna.
Sif Muna was pleased with you.
One of your tentacles had a temporary spike.
You visited 1 branch

Inventory:

Scrolls
 g - a scroll of blinking
 h - 3 scrolls of remove curse
 i - 5 scrolls of amnesia
 j - a scroll of summoning
Potions
 a - 2 potions of invisibility
 b - 6 potions of curing
 c - 6 potions of heal wounds
 d - a potion of haste
 e - 4 potions of magic
 f - 3 potions of berserk rage


   Skills:
 + Level 1.6 Fighting
 + Level 4.6 Dodging
 + Level 1.6 Stealth
 + Level 5.1 Unarmed Combat
 + Level 4.2 Spellcasting
 + Level 6.1 Transmutations
 + Level 1.0 Ice Magic
 + Level 1.3 Poison Magic
 + Level 1.1 Invocations


You had 2 spell levels left.
You knew the following spells:

 Your Spells              Type           Power        Failure   Level
a - Beastly Appendage     Tmut           44%          1%          1
b - Wereblood             Tmut           22%          1%          2
c - Spider Form           Tmut/Pois      7%           11%         3
d - Ice Form              Ice/Tmut       14%          36%         4

Your spell library contained the following spells:

 Spells                   Type           Power        Failure   Level
 Blade Hands              Tmut           11%          36%         5


Dungeon Overview and Level Annotations

Branches:
Dungeon (1/1)

Altars:
Ashenzari
Cheibriados
Dithmenos
Elyvilon
Fedhas
Gozag
Hepliaklqana
Kikubaaqudgha
Makhleb
Nemelex Xobeh
Okawaru
Qazlal
Ru
Sif Muna
Trog
Uskayaw
Vehumet
Wu Jian
Xom
Yredelemnul
Zin
The Shining One
Beogh
Jiyva
Lugonu

Annotations:
D Grinder, Terence


Innate Abilities, Weirdness & Mutations

You cannot wear most types of armour.
You are very stealthy in the water. (Stealth+)
You are amphibious.
You can wear up to eight rings at the same time.
You can use your tentacles to constrict eight enemies at once.
Your skin changes colour to match your surroundings (Stealth+).
Your rubbery body absorbs attacks. (AC +1, EV +1)
One of your tentacles bears a large vicious spike.


Message History

Terence shouts!
The bat barely misses you.
A gnoll comes into view. It is wielding a -2 halberd.
Grinder hits you.
* * * LOW HITPOINT WARNING * * *
You writhe in agony.
* * * LOW HITPOINT WARNING * * *
The gnoll shouts!
You tentacle-slap Grinder.
You pierce Grinder.
Grinder is heavily wounded.
You constrict Grinder. The bat misses you.
Unknown command.
You tentacle-slap Grinder.
Grinder is heavily wounded.
You constrict Grinder. The bat hits you.
* * * LOW HITPOINT WARNING * * *
Grinder hits you.
* * * LOW HITPOINT WARNING * * *
You writhe in agony.
You die...

#.#..#....รท##.....
#.#))#####)#####'#
#.#))#.....##.....
#.#))#.....##.....
#.#[[###'####.....
#.##'#.....##...<.
#.#........##.....
#.#........##.....
#@###########.....
#5b.....# ######
#...#...# #..g# .#
#.##.# #.. #J. #..
... #.. ..+ #### ##


You could see Grinder, a gnoll, an ooze and a bat.

Vanquished Creatures
  A floating eye (D)
  A worker ant (D)
  An adder (D)
  A goblin (D)
  A ball python (D)
  2 frilled lizards (D)
  A leopard gecko skeleton (D)
  A rat (D)
9 creatures vanquished.

Notes
Turn   | Place    | Note
-------+----------+-------------------------------------------
     0 | D        | rocky1 the Octopode Transmuter began the quest for the Orb.
     0 | D        | Reached XP level 1. HP: 13/13 MP: 3/3
    40 | D        | Found a bloodstained altar of Trog.
    40 | D        | Found a shimmering blue altar of Sif Muna.
    40 | D        | Found a viscous altar of Jiyva.
    40 | D        | Found a hazy altar of Hepliaklqana.
    40 | D        | Found an opulent altar of Gozag.
    41 | D        | Found a glowing golden altar of the Shining One.
    41 | D        | Found a glowing silver altar of Zin.
    41 | D        | Found a basalt altar of Yredelemnul.
    41 | D        | Found a shimmering altar of Xom.
    41 | D        | Found an ornate altar of the Wu Jian Council.
    41 | D        | Found a sacrificial altar of Ru.
    41 | D        | Found a stormy altar of Qazlal.
    41 | D        | Found an iron altar of Okawaru.
    41 | D        | Found a sparkling altar of Nemelex Xobeh.
    41 | D        | Found a burning altar of Makhleb.
    41 | D        | Found a blossoming altar of Fedhas.
    41 | D        | Found a white marble altar of Elyvilon.
    41 | D        | Found a shadowy altar of Dithmenos.
    41 | D        | Found a snail-covered altar of Cheibriados.
    43 | D        | Found a radiant altar of Vehumet.
    43 | D        | Found a corrupted altar of Lugonu.
    43 | D        | Found a roughly hewn altar of Beogh.
    44 | D        | Found a hide-covered altar of Uskayaw.
    44 | D        | Found an ancient bone altar of Kikubaaqudgha.
    44 | D        | Found a broken altar of Ashenzari.
    46 | D        | Became a worshipper of Sif Muna the Loreminder
    57 | D        | Noticed a floating eye
    63 | D        | Killed a floating eye
    64 | D        | Reached skill level 5 in Transmutations
    64 | D        | Reached XP level 2. HP: 18/18 MP: 2/7
    64 | D        | Reached XP level 3. HP: 23/23 MP: 2/8
    64 | D        | Reached XP level 4. HP: 28/28 MP: 2/10
    69 | D        | Learned a level 2 spell: Wereblood
    73 | D        | Learned a level 3 spell: Spider Form
    78 | D        | Learned a level 4 spell: Ice Form
    86 | D        | Reached skill level 5 in Unarmed Combat
   139 | D        | Reached * piety under Sif Muna
   143 | D        | Reached skill level 6 in Transmutations
   199 | D        | Reached skill level 1 in Stealth
   199 | D        | Reached skill level 1 in Ice Magic
   199 | D        | Reached skill level 1 in Poison Magic
   199 | D        | Reached skill level 1 in Invocations
   199 | D        | Reached XP level 5. HP: 15/33 MP: 7/11
   200 | D        | Reached ** piety under Sif Muna
   450 | D        | Noticed Grinder
   450 | D        | Noticed Terence
   463 | D        | Slain by Grinder

Illustrated notes

Levels and vault maps discovered:
D:        pitsprint [storerooms_1, entrance_room_1, metal_vault_3, armoury_3,
          mini_pit_1, grid_room_1, main_hall_1, silver_pit, the_coven_3,
          the_vestibule_1, steel_vault_5, golden_pit, hallway_of_sentries,
          crystal_vault_1, iron_vault_2, final_vault]

Skill      XL: |  1  2  3  4 |
---------------+-------------+-----
Dodging        | 4 |  4.6
Unarmed Combat | 4 5 |  5.1
Spellcasting   | 4 |  4.2
Transmutations | 5 6 |  6.1
Stealth        | 1 |  1.6
Ice Magic      | 1 |  1.0
Poison Magic   | 1 |  1.3
Invocations    | 1 |  1.1
Fighting       | |  1.6

Action                   |  1- 3 |  4- 6 || total
-------------------------+-------+-------++-------
Melee: Unarmed           |     5 |    22 ||    27
       Tentacles         |     2 |     2 ||     4
       Constrict         |     1 |     5 ||     6
       Kick              |       |     5 ||     5
 Cast: Beastly Appendage |     1 |     3 ||     4
       Wereblood         |       |     1 ||     1
 Stab: Sleeping          |     1 |     1 ||     2
Dodge: Dodged            |       |    12 ||    12

Table legend: (Time is in decaauts)
 A = Elapsed time spent in this place.
 B = Non-inter-level travel time spent in this place.
 C = Inter-level travel time spent in this place.
 D = Time resting spent in this place.
 E = Time spent auto-exploring this place.
 F = Levels seen in this place.
 G = Mean time per level.
                   A        B        C        D        E       F      G
               +--------+--------+--------+--------+--------+-----+--------+
         Total |    460 |    460 |      0 |    276 |      0 |   1 |  460.0 |
       Dungeon |    460 |    460 |      0 |    276 |      0 |   1 |  460.0 |
               +--------+--------+--------+--------+--------+-----+--------+

Top non-repeatable levels by time:
       D: 460 daAuts
